 Dungeon Crawl Stone Soup version 0.31-a0-233-g139696dc86 (webtiles) character file.

Game seed: 11733110996567426210

83 qw the Shooter (level 4, -5/36 HPs)
             Began as a Minotaur Hexslinger on July 7, 2023.
             Slain by a gnoll
             ... wielding a +0 flail
              (6 damage)
             ... on level 2 of the Dungeon.
             The game lasted 00:00:24 (1046 turns).

qw the Shooter (Minotaur Hexslinger)                Turns: 1046, Time: 00:00:24

Health: -5/36      AC:  5    Str: 12    XL:     4   Next: 22%
Magic:  4/4        EV: 11    Int: 10    God:
Gold:   61         SH:  0    Dex: 15    Spells: 4/5 levels left

rFire   . . .        Y - +1 sling
rCold   . . .        (no shield)
rNeg    . . .        g - +0 ring mail
rPois   .            (helmet restricted)
rElec   .            (no cloak)
rCorr   .            (no gloves)
SInv    .            (no boots)
Will    .....        (no amulet)
Stlth   +            (no ring)
HPRegen 0.26/turn    (no ring)
MPRegen 0.09/turn

%: no passive effects
@: no status effects
A: horns 2, retaliatory headbutt
a: no special abilities


You were on level 2 of the Dungeon.
You visited 1 branch of the dungeon, and saw 2 of its levels.

You collected 61 gold pieces.


Innate Abilities, Weirdness & Mutations

You have a pair of horns on your head.
You reflexively headbutt those who attack you in melee.


   Skills:
 - Level 2.0 Fighting
 + Level 4.5 Ranged Weapons
 - Level 1.2 Armour
 - Level 2.1 Dodging
 - Level 1.0 Spellcasting
 - Level 2.0 Hexes


You had 4 spell levels left.
You knew the following spells:

 Your Spells              Type           Power      Damage    Failure   Level
a - Slow                  Hex            16%        N/A       34%         1

Your spell library contained the following spells:

 Spells                   Type           Power      Damage    Failure   Level
 Inner Flame              Hex/Fire       2%         N/A       83%         3
 Portal Projectile        Hex/Tloc       4%         N/A       83%         3
 Cause Fear               Hex            2%         N/A       98%         4

Inventory:

Hand Weapons
 Y - a +1 sling (weapon)
Armour
 g - a +0 ring mail (worn)
Potions
 a - a potion of mutation {unknown}
 e - a potion of curing {unknown}
 h - a potion of degeneration {unknown}

Dungeon Overview and Level Annotations

Branches:
Dungeon (2/15)

Altars:


Message History

The gnoll hits you with a +0 spear.
You shoot a sling bullet. The sling bullet hits the gnoll.
The gnoll is heavily wounded.
The gnoll barely misses you. The gnoll hits you with a +0 spear.
You shoot a sling bullet. The sling bullet hits the gnoll!
You kill the gnoll!
Your Armour skill increases to level 1!
You shoot a sling bullet. The sling bullet barely misses Jessica.
A gnoll comes into view. It is wielding a +0 flail.
You shoot a sling bullet. The sling bullet barely misses Jessica.
The gnoll shouts!
Jessica hits you with a +0 club.
You shoot a sling bullet.
The sling bullet completely misses Jessica.
A hobgoblin comes into view.
Jessica hits you with a +0 club.
You shoot a sling bullet. The sling bullet barely misses Jessica.
A ball python comes into view.
Jessica closely misses you.
You shoot a sling bullet.
The sling bullet closely misses Jessica.
The ball python hisses angrily.
Jessica hits you with a +0 club. Jessica barely misses you.
You shoot a sling bullet. The sling bullet hits Jessica.
You kill Jessica!
You have reached level 4!
You feel agile.
You shoot a sling bullet. The sling bullet hits the gnoll.
The gnoll is moderately wounded.
The gnoll hits you with a +0 flail.
You shoot a sling bullet.
The sling bullet hits the gnoll but does no damage.
The gnoll is moderately wounded.
The gnoll hits you with a +0 flail.
You shoot a sling bullet.
The sling bullet barely misses the gnoll.
The gnoll hits you with a +0 flail! The gnoll hits you with a +0 flail.
You shoot a sling bullet.
The sling bullet barely misses the gnoll.
The gnoll hits you with a +0 flail.
You die...

<. .. ..
#######.#
#.....#g#
#.###.#S#
#.###'#g#
#.#...@g# ..
#.~~~...#...
#.~.~...#...
#.~.~.......
#.~.~......# .#
#.#.....#.# .#
###.##....#.. ..
#.........######
.#
#.#....>........
.#


You could see 2 gnolls, a hobgoblin and a ball python.

Vanquished Creatures
  Jessica (D:2)
  A gnoll (D:2)
  2 dart slugs (D:1)
  6 ball pythons
  5 endoplasms
  A giant cockroach (D:1)
  7 goblins (D:1)
  6 hobgoblins (D:1)
  4 jackals (D:1)
  A kobold (D:1)
  A bat (D:1)
  2 frilled lizards (D:1)
  A rat (D:1)
38 creatures vanquished.

Notes
Turn   | Place    | Note
-------+----------+-------------------------------------------
     0 | D:1      | qw the Minotaur Hexslinger began the quest for the Orb.
     0 | D:1      | Reached XP level 1. HP: 16/16 MP: 1/1
     0 | D:1      | 0 ||| qw: Version: 0.3-a-46-gb1f654a
     0 | D:1      | 0 ||| qw: Game counter: 3163
     0 | D:1      | 0 ||| qw: Melee chars always use a shield: true
     0 | D:1      | 0 ||| qw: God list: Okawaru
     0 | D:1      | 0 ||| qw: Allow faded altars: false
     0 | D:1      | 0 ||| qw: Do Orc after clearing Dungeon:15 true
     0 | D:1      | 0 ||| qw: Do second Lair branch before Depths: true
     0 | D:1      | 0 ||| qw: Lair rune preference: random
     0 | D:1      | 0 ||| qw: Goals: Normal
     0 | D:1      | 0 ||| PLANNING D:1-11
    77 | D:1      | Reached skill level 3 in Ranged Weapons
    77 | D:1      | Reached XP level 2. HP: 23/23 MP: 2/2
   268 | D:1      | Reached XP level 3. HP: 29/29 MP: 3/3
   535 | D:1      | Reached skill level 4 in Ranged Weapons
   773 | D:1      | 773 ||| UPGRADING to +0 leather armour.
   783 | D:1      | 783 ||| DROPPING +0 robe.
   784 | D:1      | 784 ||| UPGRADING to +0 ring mail.
   794 | D:1      | 794 ||| DROPPING +0 leather armour.
   795 | D:1      | 795 ||| DROPPING scarf of shadows.
   796 | D:1      | 796 ||| READING scroll labelled WOTOOX DERI.
   797 | D:1      | 797 ||| READING scroll labelled LEIBOCIACA.
   850 | D:1      | 850 ||| READING scroll labelled TIRYUCH XUSAO.
   851 | D:1      | 851 ||| DROPPING scroll of poison.
  1003 | D:2      | Noticed Jessica
  1030 | D:2      | 1030 ||| Stepping ~*~*~tactically~*~*~ (outnumbered).
  1032 | D:2      | 1032 ||| Stepping ~*~*~tactically~*~*~ (outnumbered).
  1037 | D:2      | Reached skill level 1 in Armour
  1042 | D:2      | Killed Jessica
  1043 | D:2      | Reached XP level 4. HP: 20/36 MP: 4/4
  1045 | D:2      | HP: 4/36 [gnoll/+0 flail (7)]
  1045 | D:2      | HP: 1/36 [gnoll/+0 flail (3)]
  1046 | D:2      | Slain by a gnoll

Levels and vault maps discovered:
D:1:      lordsloth_arrival_two_stooges, layout_loops_ring, bh_walls_and_bars
D:2:      layout_basic, serial_rivers, chequers_serial_rivers_micro_c,
          chequers_serial_rivers_micro_d, chequers_serial_rivers_small_3,
          chequers_serial_rivers_large_b, uniq_jessica, uniq_sigmund

Skill      XL: |  1  2  3 |
---------------+----------+-----
Ranged Weapons | 3 4 |  4.5
Fighting       | 2 |  2.0
Armour         | 1 |  1.2
Dodging        | |  2.1
Spellcasting   | |  1.0
Hexes          | |  2.0

Action                     |  1- 3 |  4- 6 || total
---------------------------+-------+-------++-------
   Fire: Sling             |    94 |     4 ||    98
    Use: Scroll            |     3 |       ||     3
 Armour: Robe              |     3 |       ||     3
  Dodge: Dodged            |    20 |       ||    20

Table legend:
 A = Non-vault XP
 B = Vault XP
 C = Vault XP percentage of total XP
 D = Non-vault monster count
 E = Vault monster count
 F = Vault count percentage of total count
                 A         B        C        D         E       F
            +---------+---------+-------+---------+---------+-------
      Total |      82 |      37 |  31.1 |      37 |       1 |   2.6
            +---------+---------+-------+---------+---------+-------
        D:1 |      65 |       0 |   0.0 |      34 |       0 |   0.0
        D:2 |      17 |      37 |  68.5 |       3 |       1 |  25.0
            +---------+---------+-------+---------+---------+-------
